 Dungeon Crawl Stone Soup version 0.31.0-32-g396128a36d (webtiles) character file.

Game seed: 11101308446104233566

84 PaiMei the Grave Robber (level 4, -7/32 HPs)
             Began as a Demonspawn Necromancer on Apr 25, 2024.
             Killed from afar by an orc wizard (10 damage)
             ... with a magic dart
             ... on level 3 of the Dungeon.
             The game lasted 00:02:36 (2734 turns).

PaiMei the Grave Robber (Demonspawn Necromancer)    Turns: 2734, Time: 00:02:37

Health: -7/32      AC:  2    Str:  9    XL:     4   Next: 24%
Magic:  3/8        EV: 12    Int: 17    God:
Gold:   110        SH:  4    Dex: 13    Spells: 4/8 levels left

rFire   . . .        e - +0 short sword
rCold   . . .        (no shield)
rNeg    . . .        a - +0 robe
rPois   .            (no helmet)
rElec   .            (no cloak)
rCorr   .            (no gloves)
SInv    .            (no boots)
Will    .....        (no amulet)
Stlth   ++           (no ring)
HPRegen 0.25/turn    (no ring)
MPRegen 0.11/turn

%: no passive effects
@: no status effects
A: large bone plates 1, powered by pain 1
a: no special abilities


You were on level 3 of the Dungeon.
You visited 1 branch of the dungeon, and saw 3 of its levels.

You collected 110 gold pieces.

Inventory:

Hand Weapons
 e - a +0 short sword (weapon)
Missiles
 p - 5 poisoned darts (quivered)
Armour
 a - a +0 robe (worn)
Wands
 r - a wand of quicksilver (11)
Scrolls
 c - a scroll of identify {unknown}
 f - a scroll of silence {unknown}
 h - a scroll of poison {unknown}
 i - a scroll of torment {unknown}
 k - a scroll of fog {unknown}
 n - a scroll of fear {unknown}
 o - a scroll of noise {unknown}
Potions
 b - a potion of magic
 d - a potion of cancellation {unknown}
 g - a potion of attraction {unknown}
 j - a potion of curing {unknown}
 l - a potion of degeneration {unknown}
 m - a potion of might {unknown}
 q - a potion of ambrosia {unknown}
 s - 2 potions of heal wounds {unknown}


   Skills:
 + Level 1.4 Fighting
 + Level 2.5 Dodging
 - Level 2.0 Stealth
 + Level 2.7 Spellcasting
 + Level 4.9 Necromancy


You had 4 spell levels left.
You knew the following spells:

 Your Spells              Type           Power      Damage    Failure   Level
a - Necrotise             Necr           76%        1d7       2%          1
b - Vampiric Draining     Necr           19%        2d7       7%          3

Your spell library contained the following spells:

 Spells                   Type           Power      Damage    Failure   Level
 Freeze                   Ice            8%         1d3       19%         1
 Animate Dead             Necr           19%        N/A       24%         4
 Frozen Ramparts          Ice            4%         1d1       47%         3
 Hailstorm                Conj/Ice       2%         3d5       47%         3
 Animate Armour           Summ/Erth      4%         N/A       87%         4
 Summon Lightning Spire   Summ/Air       2%         N/A       87%         4
 Curse of Agony           Necr           19%        N/A       54%         5
 Lee's Rapid Deconstruct  Erth           1%         3d4*      99%         5


Dungeon Overview and Level Annotations

Branches:
Dungeon (3/15)

Altars:

Shops:
D:1 :   D:2 ?*


Innate Abilities, Weirdness & Mutations

You are partially covered in large bone plates. (SH +4)
You sometimes gain a little power by taking damage.


Message History

Aim: a hobgoblin (severely wounded, ally target, chance to affect: 89%)
The hobgoblin writhes in agony.
You kill the hobgoblin!
Something hits you.
Your goblin skeleton closely misses something.
You barely miss something. Something hits you.
* * * LOW HITPOINT WARNING * * *
You hear some strange, mumbled words.
A puff of flame appears from out of thin air!
The puff of flame misses you.
Your goblin skeleton hits something but does no damage.
Casting: Necrotise (safe; 2% risk of failure)
Confirm with . or Enter, or press ? or * to list all spells.
You can't see any susceptible monsters within range! (Use Z to cast anyway.)
You barely miss something.
You hear some strange, mumbled words.
Something tries to affect you, but you resist.
Something hits you.
* * * LOW HITPOINT WARNING * * *
Casting: Necrotise (safe; 2% risk of failure)
Confirm with . or Enter, or press ? or * to list all spells.
You can't see any susceptible monsters within range! (Use Z to cast anyway.)
You miss something.
Your goblin skeleton barely misses something.
Your hobgoblin skeleton barely misses something.
Something hits you.
* * * LOW HITPOINT WARNING * * *
Something hits you.
* * * LOW HITPOINT WARNING * * *
Casting: Necrotise (safe; 2% risk of failure)
Confirm with . or Enter, or press ? or * to list all spells.
You can't see any susceptible monsters within range! (Use Z to cast anyway.)
You hit something but do no damage.
Your goblin skeleton hits something.
Something hits you.
* * * LOW HITPOINT WARNING * * *
Your hobgoblin skeleton barely misses something.
You hear some strange, mumbled words.
A magic dart appears from out of thin air!
The magic dart hits you!
You die...

#.#.#....### #.
##.#.#....# ###
#.##..#......# ...
#.#...#..##### ...
#.....>..## # #.##
##...)....## #.. .Z.
#.........#
.....#{###........(#
......)@...........#
.....Z####.........#
..... #.........#
.... #.........# #..
#.........# ##
#.........#
#.........#
#.........#


You could see a friendly goblin skeleton and a friendly hobgoblin skeleton.

Vanquished Creatures
  3 adders
  2 ribbon worms
  2 orcs (D:3)
  4 ball pythons
  4 endoplasms
  3 giant cockroaches
  5 goblins
  3 hobgoblins
  3 quokkas
  7 bats
  5 frilled lizards
  3 kobolds
  4 rats
48 creatures vanquished.

Vanquished Creatures (collateral kills)
  A hobgoblin (D:2)
  A ball python (D:1)
  2 rats (D:1)
4 creatures vanquished.

Grand Total: 52 creatures vanquished

Notes
Turn   | Place    | Note
-------+----------+-------------------------------------------
     0 | D:1      | PaiMei the Demonspawn Necromancer began the quest for the
                  | Orb.
     0 | D:1      | Reached XP level 1. HP: 13/13 MP: 3/3
   265 | D:1      | Found Putih's Vocational Training.
   300 | D:1      | Gained mutation: You sometimes gain a little power by
                  | taking damage. [demonic ancestry]
   300 | D:1      | Reached XP level 2. HP: 19/19 MP: 1/5
  1333 | D:2      | Found Goira Reuck's Magic Scroll Shoppe.
  1419 | D:2      | Reached XP level 3. HP: 25/25 MP: 1/6
  1423 | D:2      | Learned a level 3 spell: Vampiric Draining
  1580 | D:2      | Found Obreg's General Store.
  1750 | D:2      | Reached skill level 1 in Fighting
  2601 | D:3      | Gained mutation: You are partially covered in large bone
                  | plates. (SH +4) [demonic ancestry]
  2601 | D:3      | Reached XP level 4. HP: 29/32 MP: 2/7
  2734 | D:3      | Killed from afar by an orc wizard

Illustrated notes

Levels and vault maps discovered:
D:1:      minmay_arrival_open_corners, layout_basic, nicolae_shop_vocational
D:2:      layout_rooms, serial_shops, shop, shop
D:3:      layout_rooms

Skill      XL: |  1  2  3 |
---------------+----------+-----
Dodging        | 2 |  2.5
Stealth        | 2 |  2.0
Fighting       | 1 |  1.4
Spellcasting   | |  2.7
Necromancy     | |  4.9

Action                     |  1- 3 |  4- 6 || total
---------------------------+-------+-------++-------
  Melee: Unarmed           |     1 |       ||     1
         Short sword       |    11 |     7 ||    18
   Cast: Necrotise         |    95 |    10 ||   105
 Armour: Robe              |    17 |    17 ||    34
  Dodge: Dodged            |    16 |     3 ||    19
  Block: Other             |       |     1 ||     1
